 Dungeon Crawl Stone Soup version 0.30-a0-618-gd6c86c23d0 (webtiles) character file.

Game seed: 9005152225132721359

6 lordwipe the Cutter (level 1, 0/16 HPs)
             Began as a Vampire Gladiator on Jan 9, 2023.
             Frozen to death by an endoplasm (5 damage)
             ... on level 1 of the Dungeon.
             The game lasted 00:04:10 (101 turns).

lordwipe the Cutter (Vampire Gladiator)              Turns: 101, Time: 00:04:11

Health: 0/16       AC:  7    Str: 13    XL:     1   Next: 75%
Magic:  1/1        EV: 10    Int: 10    God:
Gold:   21         SH:  0    Dex: 15    Spells: 0/0 levels left

rFire   . . .      SeeInvis +    a - +0 rapier
rCold   . . .      Faith    .    (no shield)
rNeg    . . .      Spirit   .    f - +0 scale mail
rPois   .          Reflect  .    c - +0 helmet
rElec   .          Harm     .    (no cloak)
rCorr   .          Rampage  .    (no gloves)
Will    .....                    (no boots) Stlth
                                 (no amulet)
HPRegen 0.42/turn                (no ring)
MPRegen 0.07/turn                (no ring)

@: healing quickly
A: alive, fangs 3, see invisible, vampiric 1
a: Exsanguinate


You were on level 1 of the Dungeon.
You visited 1 branch of the dungeon, and saw 1 of its levels.

You collected 21 gold pieces.

Inventory:

Hand Weapons
 a - a +0 rapier (weapon)
Missiles
 d - 3 throwing nets (quivered)
 e - a javelin
Armour
 c - a +0 helmet (worn)
 f - a +0 scale mail (worn)
Scrolls
 b - a scroll of identify


   Skills:
 + Level 1.9 Fighting
 + Level 3.3 Short Blades
 + Level 1.8 Throwing
 + Level 3.3 Dodging


You couldn't memorise any spells.
You didn't know any spells.
Your spell library was empty.

Dungeon Overview and Level Annotations

Branches:
Dungeon (1/15)

Altars:


Innate Abilities, Weirdness & Mutations

Your natural rate of healing is accelerated.
You have razor-sharp teeth.
You have supernaturally acute eyesight. (SInv)
You are afflicted with vampirism.


Message History

The jackal bites you but does no damage.
The endoplasm freezes you.
You are frozen.
You hit the jackal.
The jackal is lightly wounded.
The jackal barely misses you. The endoplasm closely misses you.
A hobgoblin comes into view.
You hit the jackal.
The jackal is moderately wounded.
The jackal closely misses you. The endoplasm freezes you.
You are frozen.
The jackal closely misses you. The jackal bites you.
* * * LOW HITPOINT WARNING * * *
You hit the jackal but do no damage.
The jackal is moderately wounded.
The bat barely misses you. The jackal closely misses you.
You hit the jackal.
The jackal is heavily wounded.
The bat hits you but does no damage. The jackal closely misses you.
What are your orders? t - Shout!
Orders for allies: a - Attack new target. r - Retreat! s - Stop attacking. g - Guard the area. f - Follow me.
Anything else - Cancel.
You shout for attention!
The jackal barely misses you. The bat barely misses you. The jackal bites you.
* * * LOW HITPOINT WARNING * * *
The bat hits you but does no damage.
You hit the jackal but do no damage. You bite the jackal.
You kill the jackal!
The bat hits you but does no damage. x2
You hit the hobgoblin.
You kill the hobgoblin!
The bat closely misses you. The bat barely misses you.
You closely miss the bat. The bat hits you but does no damage.
The endoplasm freezes you.
You are frozen.
You die...

#.##.######
#.##.##...###
#..†........##.#
##.............#
#...####.##.##.#
#..... #.# .# #
........##.# .#
...........J##.##.#
#.........##@b.....#
##.#.....###.....#.#
#... ####..# ##. ..#
# ##


You could see an endoplasm and a bat.

Vanquished Creatures
  An endoplasm (D:1)
  A hobgoblin (D:1)
  2 jackals (D:1)
  A rat (D:1)
5 creatures vanquished.

Notes
Turn   | Place    | Note
-------+----------+-------------------------------------------
     0 | D:1      | lordwipe the Vampire Gladiator began the quest for the Orb.
     0 | D:1      | Reached XP level 1. HP: 16/16 MP: 1/1
   101 | D:1      | Frozen to death by an endoplasm

Illustrated notes

Levels and vault maps discovered:
D:1:      nzn_arrival_depleted_hourglass, layout_loops_ring, serial_shops,
          nicolae_square_shop, shapermc_ecumenical_altar_venn

Action                   || total
-------------------------++-------
Melee: Rapier            ||    14
       Bite              ||     1
  Use: Scroll            ||     1
Armor: Scale mail        ||    13
Dodge: Dodged            ||    15

Table legend: (Time is in decaauts)
 A = Elapsed time spent in this place.
 B = Non-inter-level travel time spent in this place.
 C = Inter-level travel time spent in this place.
 D = Time resting spent in this place.
 E = Time spent auto-exploring this place.
 F = Levels seen in this place.
 G = Mean time per level.
                   A        B        C        D        E       F      G
               +--------+--------+--------+--------+--------+-----+--------+
         Total |    101 |     48 |     53 |      0 |      0 |   1 |  101.0 |
       Dungeon |    101 |     48 |     53 |      0 |      0 |   1 |  101.0 |
               +--------+--------+--------+--------+--------+-----+--------+

Top non-repeatable levels by time:
     D:1: 101 daAuts
